 Dungeon Crawl Stone Soup version 0.29-a0-676-ga64570c9d2 (webtiles) character file.

Game seed: 10355208952788823059

137 skullybones the Agent of Entropy (level 5, 0/46 HPs)
             Began as a Demonspawn Abyssal Knight on June 25, 2022.
             Was a Priest of Lugonu.
             Succumbed to a killer bee's poison
             ... on level 3 of the Dungeon.
             The game lasted 00:05:00 (4086 turns).

skullybones the Agent of Entropy (DsAK)             Turns: 4086, Time: 00:05:00

Health: 0/46       AC:  3    Str: 15    XL:     5   Next: 0%
Magic:  8/8        EV: 12    Int: 12    God:    Lugonu [***...]
Gold:   158        SH:  0    Dex: 13    Spells: 4/4 levels left

rFire   . . .      SeeInvis .   a - +1 spear
rCold   . . .      Faith    .   (no shield)
rNeg    . . .      Spirit   .   b - +0 leather armour
rPois   .          Reflect  .   (no helmet)
rElec   .          Harm     .   (no cloak)
rCorr   .          Rampage  .   (no gloves)
Will    +....                   (no boots)
Stlth   +.........              (no amulet)
HPRegen 0.15/turn               (no ring)
MPRegen 0.11/turn               (no ring)

@: mighty, lethally poisoned (0 -> -3), attractive
A: ignite blood 1, powered by death 1, demonic touch 1, strong-willed 1, robust
1
a: Renounce Religion, Depart the Abyss, Bend Space, Banish


You were on level 3 of the Dungeon.
You worshipped Lugonu.
Lugonu was most pleased with you.
You visited 1 branch of the dungeon, and saw 4 of its levels.
You visited the Abyss 1 time.

You collected 158 gold pieces.


Innate Abilities, Weirdness & Mutations

Your demonic aura sometimes causes spilled blood to erupt in flames.
You regenerate a little health from kills.
Your touch may inflict minor irresistible damage on your foes.
You are strong-willed. (Will+)
You are robust. (+10% HP)


   Skills:
 + Level 3.8 Fighting
 + Level 2.7 Polearms
 - Level 2.0 Armour
 + Level 2.1 Dodging
 + Level 4.0 Invocations


You had 4 spell levels left.
You didn't know any spells.
Your spell library was empty.

Inventory:

Hand Weapons
 a - a +1 spear (weapon)
Missiles
 j - 37 stones
 l - 2 poisoned darts
Armour
 b - a +0 leather armour (worn)
 o - a +0 plate armour
   (You found it on level 3 of the Dungeon)
 v - a +0 chain mail
   (You took it off a kobold on level 3 of the Dungeon)
Scrolls
 d - 3 scrolls of silence {unknown}
 e - a scroll of torment {!r}
 i - 3 scrolls of teleportation {@r4}
 k - a scroll of enchant armour
 n - a scroll of magic mapping {!r}
 t - 2 scrolls of immolation {unknown}
Potions
 c - a potion of attraction {!q}
 g - 4 potions of haste {@q3}
 h - 3 potions of mutation {!q}
 m - a potion of cancellation
 q - a potion of lignification {!q}
 r - a potion of berserk rage {unknown}
 s - a potion of invisibility {unknown}
 w - a potion of degeneration {unknown}
 x - a potion of resistance {unknown}

Dungeon Overview and Level Annotations

Branches:
Dungeon (4/15) Zot: 19947
 Temple: D:4-7

Altars:

Shops:
D:1

[ #.#.....##.## #########
#.#.######..# #........
#.#.#### ##.# #.#######
#.#....# #.# #...# #.#.##.#
#.## ###.# # #.#.##.## #..# #.#
# #.#<....# ##.# #.# #
#.####..# #.############.# #
#.#.....####)y@...........#####
#
#.#.###.......###########......
###.#.#
#####.#.#.#.......'......
#.....# #.#...#.#######......
#.....#######.#.#.#.# #......
............#.......# ##......
####..#####.###.#.### #.......
......# #.#.....# #.......
.####.#####.#.##.## #.......


You could see a killer bee.


Message History

k - a scroll of enchant armour The air fills with toxic fumes!
As you read the scroll labelled WUBLUL EGUYL, it crumbles to dust.
It was a scroll of poison.
You start waiting.
Done waiting.
You climb downwards.
The goblin shouts!
You hear an angry buzzing noise. x2
There is a stone staircase leading up here.
A goblin is nearby!
You hear an angry buzzing noise.
You barely miss the goblin.
A killer bee comes into view.
You hit the goblin.
You kill the goblin!
Lugonu accepts your kill.
You have reached level 5!
Your demonic ancestry asserts itself...
A wave of death washes over you. 😎 HP[+5] MP[+1]
You now have 42 max hp (+5).
Your hp is fully restored (42).
Your mp is fully restored (8).
Okay, then.
A killer bee comes into view.
The killer bee moves out of view.
You reach to attack!
You hit the killer bee. The killer bee barely misses you.
You closely miss the killer bee. Your touch misses the killer bee.
The killer bee stings you.
You are poisoned.
The killer bee poisons you!
The killer bee closely misses you. 😕 HP[-3]
You take 3 damage, and now have 39/42 hp.
You miss the killer bee.
You feel very sick.
The killer bee buzzes angrily.
The killer bee barely misses you. The killer bee stings you! 😮 HP[-10]
You take 10 damage, and now have 29/42 hp.
MASSIVE DAMAGE!! (PAUSE)
You feel sick.
The killer bee barely misses you. 😮 HP[-2]
You take 2 damage, and now have 27/42 hp.
The killer bee attacks as you move away!
The killer bee stings you.
You feel sick.
A killer bee comes into view.
The killer bee stings you.
* * * LOW HITPOINT WARNING * * *
There is a stone staircase leading up, spattered with blood here. 😨 HP[-8]
You take 8 damage, and now have 19/42 hp.
You feel sick.
The killer bee stings you but does no damage.
The killer bee stings you.
* * * LOW HITPOINT WARNING * * *
You are lethally poisoned!
The killer bee poisons you!
You climb upwards.
* * * LOW HITPOINT WARNING * * *
You feel very sick.
There is a stone staircase leading down here. 😱 HP[-10]
You take 10 damage, and now have 9/42 hp.
MASSIVE DAMAGE!! (PAUSE) It was a potion of mutation.
You feel extremely strange.
You feel strong-willed.
You feel robust.
* * * LOW HITPOINT WARNING * * *
You feel sick. The killer bee stings you.
* * * LOW HITPOINT WARNING * * *
The killer bee closely misses you. 😱 HP[-5]
You now have 46 max hp (+4).
You take 5 damage, and now have 4/46 hp.
It was a potion of lignification.
You turn into a tree.
Your +0 leather armour melds into your body.
Your roots penetrate the ground.
* * * LOW HITPOINT WARNING * * *
You feel sick.
The killer bee stings you but does no damage.
The killer bee barely misses you.
You now have 69 max hp (+23).
It was a potion of cancellation.
Your magical effects are unravelling.
You feel magically purged.
You feel less wooden.
Your +0 leather armour unmelds from your body.
* * * LOW HITPOINT WARNING * * *
You feel sick.
The killer bee barely misses you. x2 😱 HP[-2]
You now have 46 max hp (-23).
It was a potion of attraction.
You feel attractive to monsters.
* * * LOW HITPOINT WARNING * * *
You feel sick.
The killer bee stings you but does no damage.
The killer bee barely misses you. 😱 HP[-1]
You take 1 damage, and now have 1/46 hp.
It was a potion of might.
You feel very mighty all of a sudden.
You die...

Skill      XL: |  1  2  3  4 |
---------------+-------------+-----
Dodging        | 1 2 |  2.1
Polearms       | 2 |  2.7
Armour         | 2 |  2.0
Invocations    | 3 4 |  4.0
Fighting       | |  3.8

Action                   |  1- 3 |  4- 6 || total
-------------------------+-------+-------++-------
Melee: Spear             |   138 |   114 ||   252
       Punch             |     2 |       ||     2
       Touch             |     3 |    13 ||    16
Invok: Depart the Abyss  |     1 |       ||     1
  Use: Scroll            |       |     5 ||     5
       Potion            |       |     5 ||     5
 Stab: Sleeping          |     4 |     1 ||     5
Armor: Leather armour    |    19 |    19 ||    38
       Skin              |       |     1 ||     1
Dodge: Dodged            |    58 |    52 ||   110

Levels and vault maps discovered:
D:1:      dpeg_arrival_round_b, layout_loops_corners, basic_ecumenical_altar,
          serial_shops, nicolae_shop_behind_doors, serial_bayou,
          serial_bayou_pond_d, serial_bayou_lagoon_a, serial_bayou_ford_a,
          serial_bayou_pond_d, wander_ebering_terrifying_dragon_lair
D:2:      layout_loops_cross
D:3:      kennysheep_slugbush, layout_basic, chequers_serial_rivers_small_3
D:4:      dreamdust_elfheim, layout_loops_ring, general_overflow_altar,
          uniq_robin

Notes
Turn   | Place    | Note
-------+----------+-------------------------------------------
     0 | Abyss:1  | skullybones the Demonspawn Abyssal Knight began the quest
                  | for the Orb.
     0 | Abyss:1  | Reached XP level 1. HP: 18/18 MP: 2/2
     0 | Abyss:1  | magus.rc [v1.11.3]
    53 | Abyss:1  | Found a corrupted altar of Lugonu.
    62 | Abyss:1  | Found a corrupted altar of Lugonu.
    62 | Abyss:1  | Found a corrupted altar of Lugonu.
    71 | Abyss:1  | Noticed a starcursed mass
    75 | D:1      | You pass through the gate.
    75 | D:1      | Escaped the Abyss
   233 | D:1      | Reached skill level 1 in Dodging
   497 | D:1      | Gained mutation: Your demonic aura sometimes causes spilled
                  | blood to erupt in flames. [demonic ancestry]
   497 | D:1      | Reached XP level 2. HP: 24/24 MP: 4/4
   557 | D:1      | Reached skill level 2 in Polearms
   557 | D:1      | Reached skill level 2 in Armour
   664 | D:1      | Found Gahadoiss's Armour Shoppe.
  1081 | D:1      | Reached skill level 3 in Invocations
  1254 | D:1      | Found a faded altar of an unknown god.
  1472 | D:1      | Gained mutation: Your touch may inflict minor irresistible
                  | damage on your foes. [demonic ancestry]
  1472 | D:1      | Reached XP level 3. HP: 24/29 MP: 5/5
  2350 | D:2      | Reached XP level 4. HP: 35/35 MP: 6/6
  2495 | D:2      | Reached *** piety under Lugonu
  2857 | D:3      | Reached skill level 2 in Dodging
  3655 | D:3      | Reached skill level 4 in Invocations
  4074 | D:4      | Gained mutation: You regenerate a little health from kills.
                  | [demonic ancestry]
  4074 | D:4      | Reached XP level 5. HP: 42/42 MP: 8/8
  4081 | D:3      | HP: 9/42 [poisoned by a killer bee]
  4082 | D:3      | Gained mutation: You are strong-willed. (Will+) [potion of
                  | mutation]
  4082 | D:3      | Gained mutation: You are robust. (+10% HP) [potion of
                  | mutation]
  4082 | D:3      | HP: 4/46 [killer bee (3)]
  4085 | D:3      | HP: 1/46 [poisoned by a killer bee]
  4086 | D:3      | Succumbed to a killer bee's poison

Vanquished Creatures
  4 adders
  2 worms (D:2)
  10 dart slugs
  8 ball pythons
  4 endoplasms
  8 giant cockroaches
  7 goblins
  3 hobgoblins
  3 jackals (D:1)
  4 quokkas (D:2)
  7 bats
  6 frilled lizards
  5 kobolds
  4 rats
75 creatures vanquished.

Vanquished Creatures (others)
  6 plants (D:1)
6 creatures vanquished.

Grand Total: 81 creatures vanquished

Table legend:
 A = Non-vault XP
 B = Vault XP
 C = Vault XP percentage of total XP
 D = Non-vault monster count
 E = Vault monster count
 F = Vault count percentage of total count
                 A         B        C        D         E       F
            +---------+---------+-------+---------+---------+-------
      Total |     168 |      29 |  14.7 |      67 |       8 |  10.7
            +---------+---------+-------+---------+---------+-------
        D:1 |      43 |       1 |   2.3 |      27 |       1 |   3.6
        D:2 |      85 |       0 |   0.0 |      24 |       0 |   0.0
        D:3 |      38 |      28 |  42.4 |      15 |       7 |  31.8
        D:4 |       2 |       0 |   0.0 |       1 |       0 |   0.0
            +---------+---------+-------+---------+---------+-------

Illustrated notes

Table legend:
 A = Kills in this place as a percentage of kills in entire the game.
 B = Kills by you in this place as a percentage of kills by you in the entire game.
 C = Kills by friends in this place as a percentage of kills by friends in the entire game.
 D = Other kills in this place as a percentage of other kills in the entire game.
 E = Experience gained in this place as a percentage of experience gained in the entire game.
 F = Experience gained in this place divided by the number of levels of this place that you have seen.
                   A       B       C       D       E      F
               +-------+-------+-------+-------+-------+----------------------
         Total | 100.0 | 100.0 |   N/A |   N/A | 100.0 |  39.4
       Dungeon | 100.0 | 100.0 |   N/A |   N/A | 100.0 |  49.2
               +-------+-------+-------+-------+-------+----------------------

Table legend: (Time is in decaauts)
 A = Elapsed time spent in this place.
 B = Non-inter-level travel time spent in this place.
 C = Inter-level travel time spent in this place.
 D = Time resting spent in this place.
 E = Time spent auto-exploring this place.
 F = Levels seen in this place.
 G = Mean time per level.
                   A        B        C        D        E       F      G
               +--------+--------+--------+--------+--------+-----+--------+
         Total |   4127 |   4024 |    103 |    102 |   3362 |   5 |  825.4 |
       Dungeon |   4052 |   3949 |    103 |    102 |   3362 |   4 | 1013.0 |
         Abyss |     75 |     75 |      0 |      0 |      0 |   1 |   75.0 |
               +--------+--------+--------+--------+--------+-----+--------+

Top non-repeatable levels by time:
     D:1: 1685 daAuts
     D:3: 1446 daAuts
     D:2: 909 daAuts
 Abyss:1: 75 daAuts
     D:4: 11 daAuts
